 Dungeon Crawl Stone Soup version 0.30-a0-21-g5d08c37080 (webtiles) character file.

Game seed: 13940365797832492192

4 Goaboa the Grave Robber (level 1, -1/13 HPs)
             Began as a Demonspawn Necromancer on Aug 24, 2022.
             Slain by a quokka (3 damage)
             ... on level 1 of the Dungeon.
             The game lasted 00:02:15 (391 turns).

Goaboa the Grave Robber (Demonspawn Necromancer)     Turns: 391, Time: 00:02:15

Health: -1/13      AC:  2    Str:  8    XL:     1   Next: 50%
Magic:  0/3        EV: 12    Int: 16    God:
Gold:   20         SH:  0    Dex: 13    Spells: 3/4 levels left

rFire   . . .      SeeInvis .    (no weapon)
rCold   . . .      Faith    .    (no shield)
rNeg    . . .      Spirit   .    a - +0 robe
rPois   .          Reflect  .    (no helmet)
rElec   .          Harm     .    (no cloak)
rCorr   .          Rampage  .    (no gloves)
Will    .....                    (no boots)
Stlth   ++........               (no amulet)
HPRegen 0.04/turn                (no ring)
MPRegen 0.08/turn                (no ring)

@: no status effects
A: no striking features
a: no special abilities


You were on level 1 of the Dungeon.
You visited 1 branch of the dungeon, and saw 1 of its levels.

You collected 20 gold pieces.

Inventory:

Armour
 a - a +0 robe (worn)
Scrolls
 d - a scroll of enchant armour {unknown}
Potions
 b - a potion of magic
 c - a potion of flight {unknown}
 e - 2 potions of attraction {unknown}
 f - a potion of heal wounds {unknown}


   Skills:
 + Level 0.2 Fighting
 + Level 1.8 Dodging
 - Level 1.7 Stealth
 + Level 2.0 Spellcasting
 + Level 4.4 Necromancy
 + Level 0.4 Invocations


You had 3 spell levels left.
You knew the following spells:

 Your Spells              Type           Power      Damage    Failure   Level
a - Necrotise             Necr           60%        1d7       3%          1

Your spell library contained the following spells:

 Spells                   Type           Power      Damage    Failure   Level
 Vampiric Draining        Necr           15%        2d7       10%         3
 Animate Dead             Necr           15%        N/A       32%         4
 Agony                    Necr           15%        N/A       67%         5


Dungeon Overview and Level Annotations

Branches:
Dungeon (1/15)

Altars:


Message History

The quokka closely misses you.
Your kobold skeleton hits the quokka but does no damage.
You hit the quokka.
The quokka is heavily wounded.
The quokka barely misses you.
You miss the quokka.
The quokka is heavily wounded.
The quokka bites you.
Your kobold skeleton closely misses the quokka.
You hit the quokka but do no damage.
The quokka is heavily wounded.
The quokka misses you.
Your kobold skeleton hits the quokka but does no damage.
The quokka bites your kobold skeleton.
Casting: Necrotise (safe; 3% risk of failure)
Confirm with . or Enter, or press ? or * to list all spells.
Aiming: Necrotise (safe; 3% risk of failure)
Press: ? - help, Shift-Dir - straight line, f/p - quokka
Aim: a quokka (heavily wounded, not watching you, ally target, chance to affect: 85%)
The quokka barely resists.
The quokka misses you.
Your kobold skeleton completely misses the quokka.
You closely miss the quokka.
The quokka is heavily wounded.
The quokka closely misses you.
Your kobold skeleton completely misses the quokka.
You closely miss the quokka.
The quokka is heavily wounded.
The quokka bites you.
You hit the quokka but do no damage.
The quokka is heavily wounded.
The quokka barely misses you.
Your kobold skeleton closely misses the quokka.
You closely miss the quokka.
The quokka is heavily wounded.
The quokka bites you.
* * * LOW HITPOINT WARNING * * *
Your kobold skeleton barely misses the quokka.
The quokka barely misses you. The quokka attacks as you move away!
The quokka bites you.
You die...

.#.#.#.#.#.##......##............
#.#.#.#.#.#......[##..........⌠..
###.#.###.###.###.##......⌠......
#...# #.# #.# #.# #............
###.# #. #.# #.# ##..⌠...⌠...⌠
#.# #. #.# #.# ##.......... #.#
#.###.###.# ##.⌠....⌠.. ...
..!....Z#.##...##........ ...
...#..#r@.......##..⌠.(.⌠
#.....).#.##...#.##......
#.#######.# .## ##..<.. ..# #
##.>.# ### #####


You could see a quokka (ally target) and a friendly kobold skeleton.

Vanquished Creatures
  2 endoplasms (D:1)
  A kobold (D:1)
3 creatures vanquished.

Notes
Turn   | Place    | Note
-------+----------+-------------------------------------------
     0 | D:1      | Goaboa the Demonspawn Necromancer began the quest for the
                  | Orb.
     0 | D:1      | Reached XP level 1. HP: 13/13 MP: 3/3
   391 | D:1      | Slain by a quokka

Illustrated notes

Levels and vault maps discovered:
D:1:      dpeg_arrival_lava_temple_mockup, layout_loops_ring,
          hellmonk_ecumenical_altar_watching_god, minivault_23,
          chequers_serial_rivers_large_b, serial_bayou_lagoon_a,
          grunt_decor_resistance

Action                   || total
-------------------------++-------
Melee: Unarmed           ||    20
 Cast: Necrotise         ||     5
 Stab: Sleeping          ||     1
Armor: Robe              ||     3
Dodge: Dodged            ||    14

Table legend: (Time is in decaauts)
 A = Elapsed time spent in this place.
 B = Non-inter-level travel time spent in this place.
 C = Inter-level travel time spent in this place.
 D = Time resting spent in this place.
 E = Time spent auto-exploring this place.
 F = Levels seen in this place.
 G = Mean time per level.
                   A        B        C        D        E       F      G
               +--------+--------+--------+--------+--------+-----+--------+
         Total |    391 |    391 |      0 |      0 |    304 |   1 |  391.0 |
       Dungeon |    391 |    391 |      0 |      0 |    304 |   1 |  391.0 |
               +--------+--------+--------+--------+--------+-----+--------+

Top non-repeatable levels by time:
     D:1: 391 daAuts
